 Dungeon Crawl Stone Soup version 0.26.1-11-gd32895ea62 (webtiles) character file.

Game seed: 2656231467647458755

104 Zeld the Sneak (level 4, -4/29 HPs)
             Began as an Octopode Brigand on May 16, 2021.
             Killed by divine providence
             ... invoked by an orc priest
              (15 damage)
             ... on level 3 of the Dungeon.
             The game lasted 00:02:14 (3073 turns).

Zeld the Sneak (Octopode Brigand)                   Turns: 3073, Time: 00:02:16

Health: -4/29      AC:  1    Str: 11    XL:     4   Next: 80%
Magic:  7/7        EV: 13    Int: 13    God:
Gold:   200        SH:  0    Dex: 13    Spells: 7/7 levels left

rFire    . . .     SeeInvis .   a - +2 dagger
rCold    . . .     Faith    .   (no shield)
rNeg     . . .     Spirit   .   (helmet restricted)
rPois    .         Reflect  .   (no amulet)
rElec    .         Harm     .   (no ring)
rCorr    .         Rampage  .   (no ring)
Will     .....                  (no ring)
Stlth    ++++......             (no ring)
HPRegen  0.09/turn              (no ring)
MPRegen  0.10/turn              (no ring)
                                (no ring)
                                (no ring)

@: no status effects
A: almost no armour, stealthy swim, amphibious, 8 rings, constrict 8, camouflage
1, gelatinous body 1
a: no special abilities


You were on level 3 of the Dungeon.
You visited 1 branch of the dungeon, and saw 3 of its levels.

You collected 200 gold pieces.

Inventory:

Hand Weapons
 a - a +2 dagger (weapon)
 p - a cursed +0 dagger
Missiles
 b - 8 poisoned darts (quivered)
 c - 2 curare-tipped darts
Jewellery
 i - an uncursed amulet of the acrobat {unknown}
Scrolls
 d - 6 scrolls of identify {unknown}
 e - 3 scrolls of remove curse {unknown}
 f - a scroll of immolation {unknown}
 h - a scroll of enchant weapon {unknown}
 k - a scroll of enchant armour {unknown}
 q - a scroll of noise {unknown}
Potions
 g - a potion of haste {unknown}
 j - 2 potions of lignification {unknown}
 l - a potion of curing {unknown}
 m - a potion of resistance {unknown}
 n - a potion of invisibility {unknown}
 o - a potion of attraction {unknown}
 r - a potion of mutation {unknown}


   Skills:
 - Level 2.0 Fighting
 - Level 2.0 Short Blades
 * Level 4.1 Throwing
 - Level 1.0 Dodging
 - Level 5.3 Stealth
 + Level 2.0 Spellcasting


You had 7 spell levels left.
You didn't know any spells.
Your spell library was empty.

Dungeon Overview and Level Annotations

Branches:
Dungeon (3/15)

Altars:
Dithmenos
Elyvilon
Okawaru
Wu Jian
Xom
The Shining One


Innate Abilities, Weirdness & Mutations

You cannot wear most types of armour.
You are very stealthy in the water. (Stealth+)
You are amphibious.
You can wear up to eight rings at the same time.
You can use your tentacles to constrict eight enemies at once.
Your skin changes colour to match your surroundings (Stealth+).
Your rubbery body absorbs attacks. (AC +1, EV +1)


Message History

You hit the orc priest.
The orc priest is heavily wounded.
You constrict the orc priest, but do no damage.
The orc priest mumbles some strange prayers to Beogh against you.
Beogh smites you!
You are too injured to fight recklessly!
You are too injured to fight recklessly!
You are too injured to fight recklessly!
You hit the orc priest but do no damage.
You squeeze the orc priest, but do no damage.
The orc priest is heavily wounded.
You constrict the orc priest.
The orc priest casts a cantrip, but nothing happens.
You hit the orc priest but do no damage.
The orc priest is severely wounded.
You constrict the orc priest, but do no damage.
The orc priest calls down the wrath of Beogh upon you.
Beogh smites you!
Ouch! That really hurt!
You die...

#.#.......#....
###.#..####.#...
#..........)#..####
#....#.####.#.....
#...........#...#
###.#####...#...#
###.## #.....o..#
#....# #....#o#.#
####....#
#....#@#.#
........#
#.####.#.#
####....# #># #.#.#
#....# #.# #.#.#
####....# #.# #.#.#
........# #.# #.#.#
#####.### #.# #.#.#
#.# #.####.#.# #.#
#....#.#.#


You could see an orc priest and an orc.

Vanquished Creatures
  An adder (D:2)
  2 oozes
  4 worms (D:2)
  4 dart slugs
  2 leopard geckos
  3 orcs (D:3)
  2 ball pythons (D:2)
  8 bats
  4 giant cockroaches
  6 goblins
  6 hobgoblins
  A jackal (D:2)
  6 kobolds
  3 frilled lizards (D:1)
  8 rats
60 creatures vanquished.

Notes
Turn   | Place    | Note
-------+----------+-------------------------------------------
     0 | D:1      | Zeld the Octopode Brigand began the quest for the Orb.
     0 | D:1      | Reached XP level 1. HP: 14/14 MP: 1/1
   101 | D:1      | Reached XP level 2. HP: 5/19 MP: 2/2
   584 | D:1      | Reached skill level 1 in Spellcasting
   805 | D:1      | Reached XP level 3. HP: 24/24 MP: 4/4
  1575 | D:2      | Reached XP level 4. HP: 29/29 MP: 6/6
  2691 | D:3      | Found a shimmering altar of Xom.
  2691 | D:3      | Found an ornate altar of the Wu Jian Council.
  2692 | D:3      | Found an iron altar of Okawaru.
  2693 | D:3      | Found a shadowy altar of Dithmenos.
  2693 | D:3      | Found a white marble altar of Elyvilon.
  2693 | D:3      | Found a glowing golden altar of the Shining One.
  3073 | D:3      | Killed from afar by an orc priest

Illustrated notes

Levels and vault maps discovered:
D:1:      dpeg_arrival_pits, layout_loops_cross
D:2:      minmay_thinvault, layout_basic, corexii_hall_statues_l
D:3:      layout_basic, grunt_temple_overflow_open, kennysheep_generic_room_12,
          uniq_terence

Skill      XL: |  1  2  3  4 |
---------------+-------------+-----
Spellcasting   | 1 2 |  2.0
Throwing       | 3 4 |  4.1
Fighting       | |  2.0
Short Blades   | |  2.0
Dodging        | |  1.0
Stealth        | |  5.3

Action                   |  1- 3 |  4- 6 || total
-------------------------+-------+-------++-------
Melee: Dagger            |    74 |    50 ||   124
       Constrict         |    19 |    12 ||    31
       Tentacles         |    15 |     9 ||    24
 Stab: Sleeping          |    11 |     5 ||    16
Armor: Skin              |     6 |     1 ||     7
Dodge: Dodged            |    42 |    20 ||    62
